details: 'GENERALWAITNSEE mass towers on slalom'

« prev index next »

General information

Mini Map

Players

team 1
NightElfWidow_ (purple | 40 APM | 1548 actions | 38:56)
Hero icon 3 Priestess of the Moon
Ability icon 2 Trueshot Aura
Ability icon 1 Searing Arrows

» actions
Assign group hotkey3
Basic commands19
Build / train97
Enter build submenu23
Enter hero's abilities submenu3
Give item / drop item1
Right click1059
Select / deselect295
Use ability47
1548 total
» units
Wisp54
Archer4
Dryad8
Glaive Thrower8
74 total
» upgrades
Strength of the Wild3
Reinforced Hides3
Abolish Magic1
Hardened Skin1
Resistant Skin1
Vorpal Blades1
Nature's Blessing1
Strength of the Moon1
Moon Armor1
13 total
» buildings
Moon Well5
Altar of Elders1
Ancient of War5
Hunter's Hall3
Ancient of Wonders1
Tree of Ages2
Tree of Eternity1
Ancient of Lore3
Ancient Protector2
Ancient of Wind1
Tree of Life5
29 total
» build order
00:07 Moon Well
00:10 Altar of Elders
00:12 Ancient of War
02:09 Moon Well
02:52 Moon Well
03:01 Hunter's Hall
03:26 Ancient of Wonders
03:32 Moon Well
05:01 Tree of Ages
05:01 Tree of Ages
05:20 Moon Well
05:30 Ancient of War
08:44 Tree of Eternity
08:48 Ancient of Lore
08:59 Ancient of Lore
09:01 Ancient of Lore
09:10 Ancient Protector
09:12 Ancient Protector
10:42 Ancient of Wind
18:19 Tree of Life
19:54 Tree of Life
20:11 Tree of Life
22:51 Ancient of War
22:52 Ancient of War
22:54 Ancient of War
32:02 Tree of Life
32:13 Tree of Life
38:27 Hunter's Hall
38:28 Hunter's Hall
» items
Scroll of Town Portal1
Staff of Preservation1
Orb of Venom1
3 total
UndeadiTz_WaR (teal | 3 APM | 128 actions | 38:56)

» actions
Build / train4
Enter build submenu8
Remove unit from queue3
Right click69
Select / deselect37
Use ability7
128 total
» units
Acolyte4
4 total
» buildings
Ziggurat5
Graveyard1
6 total
» build order
03:37 Ziggurat
03:38 Ziggurat
03:39 Ziggurat
03:42 Ziggurat
03:44 Ziggurat
18:08 Graveyard
Humanturdmuffin (green | 125 APM | 4872 actions | 38:56)
Hero icon 6 Archmage
Ability icon 1 Summon Water Elemental
Ability icon 3 Brilliance Aura
Ability icon 1 Blizzard
Ability icon 1 Mass Teleport
Hero icon 5 Paladin
Ability icon 2 Holy Light
Ability icon 1 Divine Shield
Ability icon 2 Devotion Aura
Hero icon 5 Mountain King
Ability icon 3 Storm Bolt
Ability icon 1 Bash
Ability icon 1 Thunder Clap

» actions
Assign group hotkey31
Basic commands71
Build / train130
ESC pressed4
Enter build submenu70
Enter hero's abilities submenu16
Give item / drop item23
Right click1859
Select / deselect457
Select group hotkey1983
Use ability228
4872 total
» units
Peasant29
Footman5
Gryphon Rider2
Dragonhawk Rider6
Priest4
46 total
» upgrades
Defend1
Swords3
Lumber Harvesting2
Masonry3
Armor3
Animal War Training1
Backpack1
Cloud1
Storm Hammers1
Plating3
Gunpowder3
Priest Training2
Magic Sentry1
Long Rifles1
Sorceress Training2
Control Magic1
Barrage1
Flying Machine Bombs1
Flak Cannons1
Flare1
Fragmentation Shards1
34 total
» buildings
Farm13
Altar of Kings1
Barracks3
Arcane Vault12
Town Hall7
Lumber Mill4
Keep4
Blacksmith2
Castle1
Gryphon Aviary7
Arcane Sanctum2
Scout Tower6
Arcane Tower2
Guard Tower2
Workshop5
71 total
» build order
00:35 Farm
00:37 Altar of Kings
00:53 Barracks
01:15 Farm
01:55 Farm
02:01 Arcane Vault
02:34 Farm
03:16 Farm
04:07 Town Hall
05:02 Lumber Mill
05:25 Keep
05:25 Keep
05:46 Blacksmith
07:22 Farm
07:51 Castle
07:54 Gryphon Aviary
07:56 Gryphon Aviary
08:06 Gryphon Aviary
08:21 Farm
09:09 Farm
09:18 Blacksmith
09:21 Farm
09:42 Lumber Mill
09:51 Farm
10:10 Farm
10:41 Farm
11:10 Farm
12:04 Arcane Vault
13:02 Arcane Sanctum
13:05 Arcane Sanctum
13:30 Town Hall
13:38 Lumber Mill
14:37 Town Hall
15:11 Arcane Vault
15:16 Arcane Vault
15:17 Scout Tower
16:00 Arcane Tower
16:01 Scout Tower
16:34 Arcane Tower
16:35 Scout Tower
16:36 Scout Tower
17:12 Guard Tower
17:13 Scout Tower
17:14 Scout Tower
18:01 Guard Tower
18:43 Barracks
18:52 Barracks
20:13 Lumber Mill
21:14 Town Hall
23:39 Gryphon Aviary
23:41 Gryphon Aviary
24:14 Gryphon Aviary
24:17 Gryphon Aviary
24:37 Arcane Vault
24:42 Arcane Vault
25:52 Workshop
25:54 Workshop
25:57 Workshop
27:11 Workshop
27:25 Workshop
28:21 Arcane Vault
30:12 Town Hall
30:33 Town Hall
35:40 Arcane Vault
35:42 Arcane Vault
36:44 Arcane Vault
37:01 Arcane Vault
37:02 Arcane Vault
38:18 Town Hall
» items
Scroll of Regeneration2
Lesser Clarity Potion1
Boots of Speed3
Staff of Sanctuary3
Orb of Fire2
Mechanical Critter2
13 total
Random» UndeadCristiRonaldo9 (yellow | 29 APM | 1124 actions | 38:56)
Hero icon 6 Death Knight
Ability icon 2 Death Coil
Ability icon 3 Unholy Aura
Ability icon 1 Animate Dead

» actions
Assign group hotkey4
Basic commands72
Build / train55
Enter build submenu33
Enter hero's abilities submenu6
Give item / drop item2
Remove unit from queue1
Right click278
Select / deselect325
Select group hotkey304
Use ability44
1124 total
» units
Acolyte2
Ghoul16
Frost Wyrm6
Necromancer6
30 total
» upgrades
Creature Carapace1
Ghoul Frenzy1
Cannibalize1
Freezing Breath1
Creature Attack1
Unholy Strength2
Unholy Armor1
Skeletal Mastery1
Skeletal Longevity1
10 total
» buildings
Crypt2
Ziggurat13
Altar of Darkness1
Nerubian Tower3
Halls of the Dead1
Graveyard1
Black Citadel1
Sacrificial Pit1
Boneyard2
Spirit Tower1
Slaughterhouse1
Temple of the Damned3
30 total
» build order
00:25 Crypt
00:29 Ziggurat
00:35 Altar of Darkness
01:05 Crypt
02:02 Ziggurat
02:41 Ziggurat
05:23 Nerubian Tower
07:13 Halls of the Dead
07:20 Graveyard
07:56 Ziggurat
08:05 Ziggurat
09:36 Black Citadel
10:07 Sacrificial Pit
10:19 Ziggurat
12:01 Boneyard
12:08 Boneyard
16:17 Ziggurat
17:00 Ziggurat
24:53 Ziggurat
24:55 Ziggurat
25:21 Ziggurat
27:12 Nerubian Tower
27:16 Spirit Tower
27:49 Ziggurat
28:52 Nerubian Tower
28:53 Ziggurat
33:52 Slaughterhouse
34:06 Temple of the Damned
34:09 Temple of the Damned
34:14 Temple of the Damned
» items
Staff of Teleportation1
Boots of Speed1
2 total
team 2
OrcGENERALWAITNSEE (orange | 38 APM | 1469 actions | 38:56)
Hero icon 4 Crypt Lord
Ability icon 2 Spiked Carapace
Ability icon 2 Impale
Hero icon 1 Archmage
Ability icon 1 Summon Water Elemental

» actions
Assign group hotkey6
Basic commands31
Build / train154
ESC pressed1
Enter build submenu123
Enter hero's abilities submenu5
Remove unit from queue4
Right click366
Select / deselect567
Select group hotkey51
Use ability161
1469 total
» units
Peon28
Peasant20
Ghoul16
Acolyte1
Sorceress1
66 total
» upgrades
Spiked Barricades3
Masonry3
Unholy Armor3
Unholy Strength3
Cannibalize1
Ghoul Frenzy1
Reinforced Defenses1
Lumber Harvesting2
Pillage1
Magic Sentry1
Sorceress Training2
Priest Training2
Creature Attack1
Creature Carapace1
25 total
» buildings
Orc Burrow3
Nerubian Tower1
Farm1
Crypt1
Graveyard1
Ziggurat4
War Mill1
Lumber Mill1
Halls of the Dead6
Scout Tower37
Watch Tower63
Stronghold1
Guard Tower30
Spirit Tower4
Keep1
Black Citadel6
Altar of Storms1
Fortress1
Altar of Kings1
Castle1
Necropolis6
Arcane Sanctum1
Town Hall1
Arcane Tower1
174 total
» build order
00:04 Orc Burrow
03:55 Nerubian Tower
04:14 Farm
06:31 Orc Burrow
08:10 Crypt
08:12 Graveyard
08:13 Ziggurat
08:53 War Mill
09:01 Orc Burrow
09:06 Lumber Mill
09:25 Halls of the Dead
09:39 Scout Tower
10:10 Watch Tower
10:15 Watch Tower
10:20 Watch Tower
10:25 Watch Tower
10:29 Watch Tower
10:33 Watch Tower
10:40 Watch Tower
10:46 Stronghold
10:51 Guard Tower
10:57 Scout Tower
10:59 Scout Tower
11:08 Scout Tower
11:13 Spirit Tower
11:21 Ziggurat
11:36 Watch Tower
11:40 Watch Tower
11:45 Watch Tower
11:51 Watch Tower
11:54 Watch Tower
11:59 Watch Tower
12:15 Guard Tower
12:16 Guard Tower
12:19 Keep
12:22 Spirit Tower
12:42 Black Citadel
13:06 Scout Tower
13:11 Scout Tower
13:15 Scout Tower
13:32 Altar of Storms
13:45 Watch Tower
13:49 Watch Tower
13:55 Watch Tower
13:58 Guard Tower
14:00 Guard Tower
14:00 Guard Tower
14:35 Ziggurat
14:41 Ziggurat
14:58 Fortress
15:10 Altar of Kings
15:13 Scout Tower
15:20 Scout Tower
15:26 Scout Tower
15:32 Watch Tower
15:37 Watch Tower
15:43 Watch Tower
15:48 Watch Tower
15:53 Guard Tower
15:55 Guard Tower
15:57 Guard Tower
15:59 Spirit Tower
16:00 Spirit Tower
16:13 Castle
17:07 Scout Tower
17:08 Scout Tower
17:15 Scout Tower
17:19 Scout Tower
17:30 Watch Tower
17:39 Necropolis
17:42 Necropolis
17:45 Necropolis
17:47 Necropolis
17:49 Necropolis
17:51 Necropolis
18:03 Guard Tower
19:06 Scout Tower
19:09 Scout Tower
19:14 Scout Tower
19:24 Halls of the Dead
19:30 Halls of the Dead
19:30 Halls of the Dead
19:34 Halls of the Dead
19:43 Guard Tower
19:43 Guard Tower
19:56 Watch Tower
20:01 Watch Tower
20:08 Watch Tower
20:13 Watch Tower
20:16 Watch Tower
20:22 Watch Tower
20:34 Halls of the Dead
20:47 Scout Tower
20:48 Scout Tower
20:55 Scout Tower
21:01 Scout Tower
21:04 Scout Tower
21:08 Scout Tower
21:11 Scout Tower
21:21 Guard Tower
21:22 Guard Tower
21:35 Guard Tower
21:41 Guard Tower
21:46 Black Citadel
21:52 Black Citadel
21:59 Black Citadel
22:03 Guard Tower
22:07 Scout Tower
22:10 Scout Tower
22:15 Scout Tower
22:37 Guard Tower
22:41 Black Citadel
22:51 Guard Tower
22:55 Arcane Sanctum
22:58 Guard Tower
23:25 Black Citadel
23:37 Scout Tower
23:40 Scout Tower
23:44 Scout Tower
24:09 Guard Tower
24:12 Guard Tower
24:38 Town Hall
25:01 Scout Tower
25:08 Scout Tower
25:43 Guard Tower
25:47 Scout Tower
25:50 Scout Tower
25:53 Scout Tower
26:21 Guard Tower
26:42 Scout Tower
26:54 Watch Tower
26:56 Watch Tower
26:59 Watch Tower
27:02 Watch Tower
27:03 Watch Tower
27:09 Watch Tower
27:12 Watch Tower
27:16 Watch Tower
27:21 Watch Tower
27:24 Watch Tower
27:27 Watch Tower
27:33 Watch Tower
27:36 Guard Tower
27:48 Scout Tower
28:17 Arcane Tower
29:06 Watch Tower
29:10 Watch Tower
29:12 Watch Tower
29:15 Watch Tower
29:19 Watch Tower
29:26 Watch Tower
32:09 Watch Tower
32:11 Watch Tower
32:19 Watch Tower
34:46 Watch Tower
34:52 Watch Tower
34:54 Watch Tower
36:35 Watch Tower
36:37 Watch Tower
36:41 Watch Tower
36:43 Watch Tower
36:49 Watch Tower
36:51 Watch Tower
36:55 Watch Tower
36:57 Watch Tower
37:01 Watch Tower
37:06 Watch Tower
37:12 Watch Tower
37:15 Watch Tower
Random» UndeadIquitwenrushed (pink | 28 APM | 17 actions | 00:36)

» actions
Build / train2
Enter build submenu2
Right click7
Select / deselect4
Use ability2
17 total
» units
Acolyte2
2 total
» buildings
Ziggurat1
Altar of Darkness1
2 total
» build order
00:10 Ziggurat
00:14 Altar of Darkness
HumanDdude (blue | 0 APM | 0 actions | 00:25)
NightElf999 (red | 0 APM | 0 actions | 38:56)

Chat log

(00:22 / Allies) Ddude: WOW THIS FUCKING MAP AGAIN. NO MATTER HOW MANY TIMES I LEAVE, BNET CONTINUES TO THROW THIS STUPID MAP AT ME.
(00:44 / All) Widow_: Erm
(00:48 / All) Widow_: Sorry

(19:20 / All) Widow_: What is this, a TD
(19:28 / All) GENERALWAITNSEE: yes
(19:36 / All) Widow_: Right answer

(20:41 / Allies) GENERALWAITNSEE: red you here?

(28:08 / All) CristiRonaldo9: c
(28:12 / All) GENERALWAITNSEE: ?
(28:39 / All) GENERALWAITNSEE: i am getting wood
(28:46 / All) Widow_: Same

(31:34 / All) GENERALWAITNSEE: you like my mass negropolis?
(31:43 / All) Widow_: Negropolis
(31:47 / All) GENERALWAITNSEE: ya
(32:31 / All) GENERALWAITNSEE: did i enter the wrong game type for tower defence i am confuse
(32:38 / All) Widow_: Nope
(32:43 / All) GENERALWAITNSEE: kk good
(32:44 / All) Widow_: This is where you should be

(34:00 / All) GENERALWAITNSEE: red was afk this game, I didn't get to mass all 4 races towers

(38:53 / All) GENERALWAITNSEE: siege wepons so op for siege
(38:54 / All) GENERALWAITNSEE: GG